 Dungeon Crawl Stone Soup version 0.27-a0-887-gcab673c142 (webtiles) character file.

Game seed: 1113108345630151898

261 Alarkh the Ruffian (level 5, -4/43 HPs)
             Began as a Demonspawn Fighter on Apr 4, 2021.
             Slain by an orc priest
             ... wielding a +0 short sword
              (5 damage)
             ... on level 4 of the Dungeon.
             The game lasted 00:02:35 (3290 turns).

Alarkh the Ruffian (Demonspawn Fighter)             Turns: 3290, Time: 00:02:36

Health: -4/43      AC:  6    Str: 17    XL:     5   Next: 96%
Magic:  5/5        EV:  6    Int: 10    God:
Gold:   125        SH: 12    Dex: 12    Spells: 4/4 levels left

rFire    . . .     SeeInvis .     - Unarmed
rCold    . . .     Faith    .   b - +0 kite shield
rNeg     . . .     Spirit   .   a - +0 scale mail
rPois    .         Reflect  .   (no helmet)
rElec    .         Harm     .   (no cloak)
rCorr    .         Rampage  .   (no gloves)
Will     .....                  (no boots)
Stlth    ..........             (no amulet)
HPRegen  0.14/turn              (no ring)
MPRegen  0.09/turn              (no ring)

@: mighty
A: claws 2, condensation shield
a: no special abilities


You were on level 4 of the Dungeon.
You visited 1 branch of the dungeon, and saw 4 of its levels.

You collected 125 gold pieces.

Inventory:

Armour
 a - a +0 scale mail (worn)
 b - a +0 kite shield (worn)
Wands
 j - a wand of paralysis (6)
Scrolls
 d - 2 scrolls of teleportation {unknown}
 f - a scroll of magic mapping {unknown}
 g - a scroll of fog {unknown}
 k - a scroll of torment {unknown}
 l - a scroll of vulnerability {unknown}
Potions
 h - a potion of degeneration {unknown}
 i - a potion of curing {unknown}


   Skills:
 + Level 4.5 Fighting
 - Level 2.6 Armour
 - Level 2.6 Shields
 * Level 4.8 Unarmed Combat


You had 4 spell levels left.
You didn't know any spells.
Your spell library was empty.

Dungeon Overview and Level Annotations

Branches:
Dungeon (4/15)
 Temple: D:4-7

Altars:
Fedhas
Beogh


Innate Abilities, Weirdness & Mutations

You have very sharp fingernails.
A meltable shield of frost defends you. (SH +4)


Message History

You now have 125 gold pieces (gained 18).
An orc priest comes into view. It is wielding a +0 short sword.
The orc priest shouts!
An orc priest comes into view. It is wielding a +0 short sword.
An orc comes into view. It is wielding a +0 club.
The orc priest moves out of view.
Things that are here:
a +0 short sword; a kobold corpse The orc shouts!
The orc priest shouts!
An orc comes into view. It is wielding a +0 flail.
The orc priest calls down the wrath of Beogh upon you.
You barely resist.
An orc comes into view.
It is wielding a +0 short sword of holy wrath.
The orc shouts! x2
Found 11 gold pieces.
The orc priest invokes the aid of Beogh against you.
Beogh smites you! The orc hits you but does no damage.
The orc priest looks encouraged for a moment.
You closely miss the orc priest. You block the orc's attack.
The orc priest closely misses you.
The orc priest hits you with a +0 short sword.
You block the orc's attack.
You closely miss the orc priest.
The orc priest looks braver for a moment.
The orc hits you with a +0 flail. The orc hits you with a +0 club.
The orc priest calls down the wrath of Beogh upon you.
Beogh smites you!
* * * LOW HITPOINT WARNING * * *
The orc priest closely misses you.
It was a potion of cancellation.
You feel magically purged. You block the orc's attack.
The orc priest hits you with a +0 short sword.
* * * LOW HITPOINT WARNING * * *
The orc hits you but does no damage.
The orc priest hits you with a +0 short sword.
* * * LOW HITPOINT WARNING * * *
You feel very mighty all of a sudden. You block the orc's attack.
The orc priest hits you with a +0 short sword.
You die...

.....#..#.#
....#..$..
..........
#......... #..
#....... ....
#.....## ....#
#.o....##
#...###oo....#
##...#.@o.....#.
#...............
...#.........>..
. ##..).[..#...
#.......#...
#...........
#####†........)
#.....<......!.
....##.##..##..#


You could see 2 orc priests and 2 orcs.

Vanquished Creatures
  A scorpion (D:3)
  A bullfrog zombie (D:3)
  5 gnolls
  5 adders
  2 worms
  A dart slug (D:2)
  An orc (D:3)
  5 ball pythons
  6 endoplasms
  A giant cockroach (D:2)
  2 hobgoblins (D:1)
  14 jackals
  6 kobolds
  A quokka (D:1)
  7 bats
  6 frilled lizards
  4 goblins
  4 rats
72 creatures vanquished.

Vanquished Creatures (others)
  10 demonic plants (D:2)
  2 fungi (D:2)
  3 plants (D:2)
  8 withered plants (D:2)
23 creatures vanquished.

Grand Total: 95 creatures vanquished

Notes
Turn   | Place    | Note
-------+----------+-------------------------------------------
     0 | D:1      | Alarkh the Demonspawn Fighter began the quest for the Orb.
     0 | D:1      | Reached XP level 1. HP: 18/18 MP: 1/1
   364 | D:1      | Gained mutation: You have sharp fingernails. [demonic
                  | ancestry]
   364 | D:1      | Reached XP level 2. HP: 9/24 MP: 2/2
   815 | D:1      | Gained mutation: A meltable shield of frost defends you.
                  | (SH +4) [demonic ancestry]
   815 | D:1      | Reached XP level 3. HP: 22/29 MP: 3/3
  1220 | D:1      | Noticed an orc warrior
  1495 | D:2      | HP: 1/29 [gnoll/+0 flail (5)]
  1502 | D:2      | Reached XP level 4. HP: 3/37 MP: 4/4
  1830 | D:2      | Found a faded altar of an unknown god.
  2614 | D:3      | Gained mutation: You have very sharp fingernails. [demonic
                  | ancestry]
  2614 | D:3      | Reached XP level 5. HP: 42/42 MP: 5/5
  3084 | D:3      | Found a blossoming altar of Fedhas.
  3288 | D:4      | HP: 2/43 [orc priest/+0 short sword (4)]
  3290 | D:4      | Slain by an orc priest

Illustrated notes

Levels and vault maps discovered:
D:1:      erik_arrival_cave_to_civilisation [erik_arrival_cave_to_temple],
          layout_basic
D:2:      minmay_spotlight, layout_loops_ring, shapermc_ecumenical_altar_gd,
          kennysheep_generic_room_6
D:3:      layout_rooms, old_standard_altar
D:4:      layout_cave_pools, corexii_shack, lightli_minifort

Skill      XL: |  1  2  3  4 |
---------------+-------------+-----
Unarmed Combat | 2 3 4 |  4.8
Fighting       | 4 |  4.5
Armour         | |  2.6
Shields        | |  2.6

Action                   |  1- 3 |  4- 6 || total
-------------------------+-------+-------++-------
Melee: Unarmed           |   122 |   153 ||   275
  Use: Potion            |     2 |     2 ||     4
Armor: Scale mail        |    73 |    63 ||   136
Dodge: Dodged            |    37 |    28 ||    65
Block: Kite shield       |    89 |   122 ||   211

Table legend: (Time is in decaauts)
 A = Elapsed time spent in this place.
 B = Non-inter-level travel time spent in this place.
 C = Inter-level travel time spent in this place.
 D = Time resting spent in this place.
 E = Time spent auto-exploring this place.
 F = Levels seen in this place.
 G = Mean time per level.
                   A        B        C        D        E       F      G
               +--------+--------+--------+--------+--------+-----+--------+
         Total |   3321 |   3188 |    133 |    914 |   1760 |   4 |  830.2 |
       Dungeon |   3321 |   3188 |    133 |    914 |   1760 |   4 |  830.2 |
               +--------+--------+--------+--------+--------+-----+--------+

Top non-repeatable levels by time:
     D:1: 1412 daAuts
     D:2: 1156 daAuts
     D:3: 729 daAuts
     D:4: 24 daAuts
